 Dungeon Crawl Stone Soup version 0.32-a0-893-gf85d74f360 (webtiles) character file.

Game seed: 4067753497727586479

348 croobank the Caller (level 6, -10/41 HPs)
             Began as a Human Summoner on Apr 3, 2024.
             Mangled by Duvessa
             ... wielding a +0 short sword
              (14 damage)
             ... on level 4 of the Dungeon.
             The game lasted 00:15:17 (3570 turns).

croobank the Caller (Human Summoner)                Turns: 3570, Time: 00:15:17

Health: -10/41     AC:  3    Str:  9    XL:     6   Next: 60%
Magic:  0/11       EV: 12    Int: 17    God:
Gold:   186        SH:  5    Dex: 13    Spells: 1/11 levels left

rFire   . . .        p - +1 whip (venom)
rCold   . . .        (no shield)
rNeg    . . .        f - +0 robe
rPois   .            (no helmet)
rElec   .            j - scarf {shadows}
rCorr   .            h - +0 pair of gloves
SInv    .            (no boots)
Will    .....        i - amulet of reflection
Stlth   ++           (no ring)
HPRegen 0.26/turn    (no ring)
MPRegen 0.12/turn

%: reflection
@: about to teleport, very slightly contaminated
A: explore regen
a: no special abilities


You were on level 4 of the Dungeon.
You visited 1 branch of the dungeon, and saw 5 of its levels.

You collected 186 gold pieces.

Inventory:

Hand Weapons
 a - a +0 dagger
 b - a +0 sling
 c - a +0 heavy falchion
 n - a +0 spear
 p - a +1 whip of venom (weapon)
Missiles
 q - 2 poisoned darts
Armour
 f - a +0 robe (worn)
 h - a +0 pair of gloves (worn)
 j - a scarf of shadows (worn)
 k - a +0 ring mail
 l - a +2 scale mail of cold resistance
 o - a +0 leather armour
 r - a scarf of harm
Jewellery
 i - an amulet of reflection (around neck)
Wands
 d - a wand of charming (7)
Scrolls
 e - a scroll of fog
 m - a scroll of teleportation
 s - a scroll of enchant weapon {unknown}
Potions
 g - 2 potions of enlightenment
 u - a potion of heal wounds {unknown}
 v - a potion of curing {unknown}


   Skills:
 + Level 3.5 Dodging
 + Level 3.8 Stealth
 + Level 3.4 Spellcasting
 + Level 5.0 Summonings
 * Level 1.6 Fire Magic


You had one spell level left.
You knew the following spells:

 Your Spells              Type           Power      Damage    Failure   Level
a - Summon Small Mammal   Summ           80%        N/A       2%          1
b - Call Imp              Summ           40%        N/A       3%          2
c - Call Canine Familiar  Summ           20%        N/A       6%          3
d - Summon Blazeheart Go  Fire/Summ      14%        N/A       38%         4

Your spell library contained the following spells:

 Spells                   Type           Power      Damage    Failure   Level
 Summon Lightning Spire   Summ/Air       11%        N/A       52%         4
 Malign Gateway           Summ/Tloc      5%         N/A       100%        7
 Summon Horrible Things   Summ           10%        N/A       100%        8


Dungeon Overview and Level Annotations

Branches:
Dungeon (5/15)
 Temple: D:4-7

Altars:
Okawaru
Qazlal
Trog
Uskayaw
Vehumet
Xom
Zin

Annotations:
D:3 3 runed translucent doors, DeathSocks's ghost, amateur VSDe
D:4 Duvessa


Innate Abilities, Weirdness & Mutations

You regain HP and MP as you explore.


Message History

Your rat dies!
Your rat's corpse disappears in a puff of smoke!
There is a stone staircase leading up here.
You climb upwards.
Level annotation: Duvessa
There is a stone staircase leading down here.
Okay, then.
You start resting.
Magic restored.
Casting: Summon Small Mammal (safe; 2% risk of failure)
Confirm with . or Enter, or press ? or * to list all spells.
You miscast Summon Blazeheart Golem.
You are very lightly contaminated with residual magic.
A fistful of eyes flickers past your view.
A nameless horror comes into view.
Aiming: Charm
Press: ? - help, Shift-Dir - straight line, f - Duvessa
Aim: Duvessa, wielding a +0 short sword, wearing a +0 leather armour and quivering stones (berserk, chance to affect: 31%) Duvessa easily resists.
Aiming: Charm
Press: ? - help, Shift-Dir - straight line, f/p - Duvessa
Aim: Duvessa, wielding a +0 short sword, wearing a +0 leather armour and quivering stones (berserk, chance to affect: 31%) Duvessa easily resists.
Duvessa hits you with a +0 short sword. x2
The nameless horror hits you!
You feel your power leaking away.
Aiming: Charm
Press: ? - help, Shift-Dir - straight line, f/p - Duvessa
Aim: Duvessa, wielding a +0 short sword, wearing a +0 leather armour and quivering stones (berserk, chance to affect: 31%) Duvessa easily resists.
Duvessa hits you with a +0 short sword!
* * * LOW HITPOINT WARNING * * *
You block the nameless horror's attack.
As you read the scroll of teleportation, it crumbles to dust.
You feel strangely unstable. Duvessa barely misses you. x2
The nameless horror barely misses you.
As you read the scroll of fog, it dissolves into smoke.
You block Duvessa's attack. The nameless horror hits you!
* * * LOW HITPOINT WARNING * * *
You feel your power leaking away. Duvessa hits you with a +0 short sword!
You die...

#. .# #.. #. .#...#
####.##.#.#.#
##............
.......>.....#
#.....§......
#..#.§§§§..##
#....§eX§..#..
#....@§§......
#....#§#§###.##..
.......[..# #.##.#
##..#...#.# #.##.#
#..#.#.#[###.##.## ##
#..#.#.#..##.##.. ..
...#.#.#e....##.### #.
###.#(#.#r##..##...# .
.....#.#.###......###.


You could see a nameless horror and Duvessa (berserk).

Vanquished Creatures
  Terence (D:1)
  A dart slug (D:1)
  5 endoplasms
  A giant cockroach (D:2)
  2 goblins
  2 hobgoblins
  A kobold (D:1)
  3 quokkas
  A ball python (D:3)
  2 bats
  3 frilled lizards
  4 rats
26 creatures vanquished.

Vanquished Creatures (collateral kills)
  A scorpion (D:3)
  A gnoll bouda (D:5)
  6 gnolls
  4 adders
  2 dart slugs
  2 bats (D:3)
  An endoplasm (D:4)
  2 giant cockroaches (D:2)
  5 goblins
  3 hobgoblins
  6 jackals
  2 quokkas
  A ball python (D:3)
  2 frilled lizards
  2 kobolds (D:3)
  A rat (D:1)
41 creatures vanquished.

Vanquished Creatures (others)
  A phantom (D:4)
  Dowan (D:4)
2 creatures vanquished.

Grand Total: 69 creatures vanquished

Notes
Turn   | Place    | Note
-------+----------+-------------------------------------------
     0 | D:1      | croobank the Human Summoner began the quest for the Orb.
     0 | D:1      | Reached XP level 1. HP: 13/13 MP: 3/3
   387 | D:1      | Reached XP level 2. HP: 19/19 MP: 5/5
   390 | D:1      | Learned a level 2 spell: Call Imp
   798 | D:2      | Noticed Terence
   821 | D:1      | Reached XP level 3. HP: 12/24 MP: 2/6
   847 | D:1      | Killed Terence
   949 | D:2      | Learned a level 3 spell: Call Canine Familiar
  1033 | D:2      | Found a faded altar of an unknown god.
  1051 | D:2      | Reached XP level 4. HP: 30/30 MP: 3/7
  1911 | D:2      | Reached XP level 5. HP: 35/35 MP: 0/9
  2281 | D:3      | Found a runed translucent gate.
  2281 | D:3      | Found a runed translucent gate.
  2281 | D:3      | Found a runed translucent gate.
  2282 | D:3      | Noticed DeathSocks's ghost (amateur VSDe)
  2565 | D:3      | Found a hide-covered altar of Uskayaw.
  2636 | D:3      | Found a bloodstained altar of Trog.
  2644 | D:3      | Found an iron altar of Okawaru.
  2647 | D:3      | Found a radiant altar of Vehumet.
  2680 | D:3      | Found a stormy altar of Qazlal.
  2686 | D:3      | Found a glowing silver altar of Zin.
  2688 | D:3      | Found a shimmering altar of Xom.
  2949 | D:3      | Learned a level 4 spell: Summon Blazeheart Golem
  2966 | D:4      | Found Qudduji's Jewellery Shop.
  3143 | D:4      | Noticed Dowan
  3146 | D:4      | Noticed Duvessa
  3161 | D:4      | Your ally Dowan died
  3162 | D:4      | Reached XP level 6. HP: 24/41 MP: 0/10
  3372 | D:4      | Reached skill level 1 in Fire Magic
  3382 | D:5      | Entered Level 5 of the Dungeon
  3439 | D:5      | Reached skill level 5 in Summonings
  3564 | D:4      | Noticed a nameless horror
  3570 | D:4      | Mangled by Duvessa

Illustrated notes

Levels and vault maps discovered:
D:1:      tarquinn_simple_flora_water_d, layout_rooms
D:2:      layout_basic, ebering_ecumenical_altar_mist, uniq_terence
D:3:      layout_basic, nicolae_overflow_hallway_of_the_gods,
          ebering_ghost_rock_garden, st_stairs_2, nicolae_twisty_statue_hallways
D:4:      layout_basic, serial_shops, shop, uniq_crazy_yiuf_cottage,
          uniq_eustachio, uniq_duvessa
D:5:      layout_basic, mainiacjoe_overflow_alcove_4,
          gammafunk_temple_overflow_forgotten, minmay_temple_entry_junction_2

Skill      XL: |  1  2  3  4  5  6 |
---------------+-------------------+-----
Stealth        | 3 |  3.8
Dodging        | 3 |  3.5
Spellcasting   | 3 |  3.4
Fire Magic     | 1 |  1.6
Summonings     | 5 |  5.0

Action                     |  1- 3 |  4- 6 || total
---------------------------+-------+-------++-------
  Melee: Unarmed           |     5 |       ||     5
         Whip              |       |     1 ||     1
   Fire: Sling             |    44 |    93 ||   137
   Cast: Summon Small Mamm |    19 |    19 ||    38
         Call Imp          |     7 |    22 ||    29
         Call Canine Famil |     2 |    14 ||    16
  Evoke: Wand              |       |     7 ||     7
    Use: Potion            |     1 |     1 ||     2
         Scroll            |       |    11 ||    11
 Armour: Robe              |    15 |    44 ||    59
  Dodge: Dodged            |    29 |    37 ||    66
  Block: Other             |     2 |    17 ||    19

Table legend: (Time is in decaauts)
 A = Elapsed time spent in this place.
 B = Non-inter-level travel time spent in this place.
 C = Inter-level travel time spent in this place.
 D = Time resting spent in this place.
 E = Time spent auto-exploring this place.
 F = Levels seen in this place.
 G = Mean time per level.
                   A        B        C        D        E       F      G
               +--------+--------+--------+--------+--------+-----+--------+
         Total |   3606 |   3520 |     86 |    639 |   1878 |   5 |  721.2 |
       Dungeon |   3606 |   3520 |     86 |    639 |   1878 |   5 |  721.2 |
               +--------+--------+--------+--------+--------+-----+--------+

Top non-repeatable levels by time:
     D:2: 1300 daAuts
     D:1: 920 daAuts
     D:3: 877 daAuts
     D:4: 403 daAuts
     D:5: 103 daAuts
